 Dungeon Crawl Stone Soup version bcrawl-1.39.1 (webtiles) character file.

Game seed: 1989827377049686246

388267 KristoblXynda the Carver (level 11, 0/102 HPs)
             Began as a White Draconian Gladiator on Oct 7, 2023.
             Was a High Priest of Okawaru.
             Killed by divine providence
             ... invoked by a meliai
              (12 damage)
             ... on level 11 of the Dungeon.
             The game lasted 00:20:30 (10492 turns).

KristoblXynda the Carver (DrGl)                    Turns: 10492, Time: 00:20:31

Health: 0/102      AC: 12    Str: 16    XL:     11   Next: 61%
Magic:  11/11      EV: 15    Int: 18    God:    Okawaru [*****.]
Gold:   162        SH:  2    Dex:  9    Spells: 9/10 levels left

rFire    . . .     GDR:     21% A - +4 long sword "Guucwuiq" {freeze, +Inv rPois rN++ Dex-3}
rCold    + . .     SeeInvis +   (no shield)
rNeg     + + +     Gourm    .   (armour unavailable)
rPois    +         Faith    .   E - +0 hat of Hulao {rN+ Int+5}
rElec    .         Spirit   .   q - +1 cloak
rCorr    .         Reflect  .   (no gloves)
MR       +....                  G - +2 pair of boots {run}
Stlth    +.........             p - amulet of regeneration
HPRegen  0.60/turn              h - ring of see invisible
MPRegen  0.12/turn              t - ring of protection from magic

@: short of breath, quick
A: breathe frost, unfitting armour, cold resistance 1, cold-blooded, AC +7
a: Breathe Frost, Heroism, Finesse, Renounce Religion, Evoke Invisibility


You were on level 11 of the Dungeon.
You worshipped Okawaru.
Okawaru was extremely pleased with you.
You were not hungry.

You visited 2 branches of the dungeon, and saw 12 of its levels.
You also visited: Sewer.

You collected 923 gold pieces.
You spent 761 gold pieces at shops.

Inventory:

Hand Weapons
 a - a +2 scimitar
 A - the +4 long sword "Guucwuiq" (weapon) {freeze, +Inv rPois rN++ Dex-3}
   (You bought it in a shop on level 7 of the Dungeon)

   It has been specially enchanted to freeze those struck by it, increasing
   damage dealt by approximately one third against foes not resistant or
   susceptible to cold, and potentially slowing cold-blooded foes.
   It affects your dexterity (-3).
   It protects you from poison.
   It greatly protects you from negative energy.
   It lets you turn invisible.
Missiles
 Y - 2 throwing nets {=f}
Armour
 q - a +1 cloak (worn)
 y - a +0 medium shield
 E - the +0 hat of Hulao (worn) {rN+ Int+5}
   (You bought it in a shop on level 8 of the Dungeon)

   It affects your intelligence (+5).
   It protects you from negative energy.
 G - a +2 pair of boots of running (worn)
Jewellery
 h - a ring of see invisible (left hand)
 n - an uncursed ring of stealth
 p - an amulet of regeneration (around neck)
 t - a ring of protection from magic (right hand)
 C - the ring of Conformity {Ice Slay+2}
   (You took it off a gnoll on level 7 of the Dungeon)

   [ring of ice]

   It enhances your ice magic.
   It affects your accuracy and damage with ranged weapons and melee attacks
   (+2).
   It makes you vulnerable to fire.
   It protects you from cold.
 F - an uncursed ring of protection from fire
Wands
 d - a wand of acid (4)
 v - a wand of digging (6)
 B - a wand of paralysis (7)
Scrolls
 c - 3 scrolls of teleportation
 k - a scroll of blinking
 m - 2 scrolls of remove curse
 s - a scroll of amnesia
 u - 3 scrolls of fog
Potions
 b - a potion of curing
 f - 3 potions of agility
 g - a potion of ambrosia {unknown}
 j - 3 potions of might
 l - a potion of haste {unknown}
 o - a potion of brilliance {unknown}
 r - 2 potions of flight
 w - a potion of magic {unknown}
 x - 2 potions of resistance
 z - 2 potions of mutation
 D - a potion of cancellation
 H - a potion of berserk rage {unknown}
 I - a potion of invisibility {unknown}
Comestibles
 e - 25 rations {!d}
 i - a chunk of flesh


   Skills:
 - Level 11.0 Fighting
 + Level 12.2 Long Blades
 - Level 2.0 Throwing
 + Level 9.7 Dodging
 + Level 2.3 Charms


You had 9 spell levels left.
You knew the following spells:

 Your Spells              Type           Power        Failure   Level  Hunger
a - Infusion              Chrm           #.......     9%          1    None

Your spell library contained the following spells:

 Spells                   Type           Power        Failure   Level  Hunger
 Apportation              Tloc           #.....       22%         1    None
 Corona                   Hex            #......      22%         1    None
 Magic Dart               Conj           #...         22%         1    None
 Sandblast                Erth           #.....       22%         1    None
 Slow                     Hex            #.......     22%         1    None
 Sting                    Conj/Pois      #...         22%         1    None
 Summon Butterflies       Summ           #.......     22%         1    None
 Summon Small Mammal      Summ           #...         22%         1    None
 Call Imp                 Summ           #.....       32%         2    ####...
 Poisonous Vapours        Pois/Air       #.....       32%         2    ####...
 Searing Ray              Conj           #.......     32%         2    ####...
 Call Canine Familiar     Summ           #.......     54%         3    #####..
 Ignite Poison            Fire/Tmut/Pois #.......     54%         3    #####..
 Iskenderun's Mystic Bla  Conj           #.......     54%         3    #####..
 Fulminant Prism          Conj/Hex       #.........   91%         4    ######.
 Olgreb's Toxic Radiance  Pois           #........    91%         4    ######.
 Summon Ice Beast         Ice/Summ       #.......     91%         4    ######.
 Summon Scorpions         Summ/Pois      #.......     91%         4    ######.
 Irradiate                Conj/Tmut      #.........   99%         5    #######
 Summon Lightning Spire   Summ/Air       #.......     99%         5    #######
 Venom Bolt               Conj/Pois      #.........   99%         5    #######


Dungeon Overview and Level Annotations

Branches:
Dungeon (11/12)            Temple (1/1) D:6            Lair (0/6) D:9
    Orc (0/1) D:10
 Vaults: D:11-12

Altars:
Ashenzari
Cheibriados
Dithmenos
Elyvilon
Fedhas
Gozag
Hepliaklqana
Kikubaaqudgha
Lugonu
Makhleb
Nemelex Xobeh
Okawaru
Qazlal
Ru
Sif Muna
Trog
Uskayaw
Vehumet
Wu Jian
Xom
Yredelemnul
Zin
The Shining One

Shops:
D:7 (   D:8 *%[


Innate Abilities, Weirdness & Mutations

You can breathe waves of freezing cold.
You can buffet flying creatures when you breathe cold.
Your icy white scales are hard. (AC +7)
You cannot fit into any form of body armour.
Your flesh is cold resistant. (rC+)
You are cold-blooded and may be slowed by cold attacks.


Message History

Okawaru accepts your kill.
The bolt of acid misses the meliai.
You hit the meliai. You freeze the meliai.
The meliai is almost dead.
The meliai barely misses you.
The meliai stings you but does no damage.
You miss the meliai.
The meliai is almost dead.
You block the meliai's attack. The meliai closely misses you.
You closely miss the meliai.
The meliai is almost dead.
The meliai invokes the aid of its god against you.
Something smites you!
* * * LOW HITPOINT WARNING * * *
The meliai barely misses you. x2
You closely miss the meliai.
The meliai is almost dead.
The meliai invokes the aid of its god against you.
Something smites you!
You die...

##.####
#......###########
#.....Zy@........####
#......#########....##
#...... ####..#
#...... ##.# #......
#.#### #...... #....#
#.(.... ####.. #......
###


You could see a meliai and a harpy skeleton.

Vanquished Creatures
  A two-headed ogre (D:9)
  A cyclops (D:11)
  2 ugly things (D:10)
  A komodo dragon (D:11)
  4 trolls
  A queen bee (D:9)
  2 meliai (D:11)
  A hippogriff (D:9)
  A wyvern (D:10)
  3 hogs (D:10)
  10 yaks
  4 hungry ghosts
  A human (D:10)
  A porcupine (D:9)
  An acid dragon (D:10)
  A water moccasin (D:10)
  3 ice beasts
  A black bear (D:7)
  3 ogres
  2 sky beasts
  7 orc warriors
  2 phantoms
  4 bullfrogs
  5 kobold brigands
  5 gnoll sergeants
  2 centaurs
  A water moccasin skeleton (D:4)
  7 scorpions
  17 killer bees (D:9)
  An electric eel (D:10)
  5 wights (D:9)
  An orc priest (D:9)
  6 crimson imps
  A bullfrog skeleton (D:4)
  Crazy Yiuf (D:2)
  7 hounds
  A jelly (D:7)
  6 orc wizards
  An iguana (D:6)
  Ijyb (D:3)
  8 worker ants
  A porcupine skeleton (D:7)
  A hound zombie (D:6)
  Robin (D:4)
  16 adders
  14 gnolls
  A howler monkey skeleton (D:8)
  5 river rats
  2 shadow imps
  An ooze (D:3)
  An adder zombie (D:5)
  3 adder skeletons
  8 worms
  3 dart slugs
  6 leopard geckos
  25 orcs
  10 bats
  8 giant cockroaches
  20 goblins
  10 hobgoblins
  4 jackals
  13 kobolds
  2 quokkas (D:4)
  6 frilled lizards
  10 rats
  A fungus (D:2)
305 creatures vanquished.

Vanquished Creatures (others)
  A fungus (D:9)
  2 plants (D:9)
3 creatures vanquished.

Grand Total: 308 creatures vanquished

Notes
Turn   | Place    | Note
-------+----------+-------------------------------------------
     0 | D:1      | KristoblXynda the Draconian Gladiator began the quest for
                  | the Orb.
     0 | D:1      | Reached XP level 1. HP: 19/19 MP: 1/1
    95 | D:1      | Reached XP level 2. HP: 26/26 MP: 2/2
   666 | D:1      | Reached XP level 3. HP: 31/31 MP: 3/3
  1307 | D:2      | Noticed a sky beast
  1330 | D:2      | Killed a sky beast
  1331 | D:2      | Reached skill level 4 in Long Blades
  1331 | D:2      | Reached XP level 4. HP: 18/40 MP: 4/4
  1331 | D:2      | Reached XP level 5. HP: 20/46 MP: 5/5
  1702 | D:2      | Found a sparkling altar of Nemelex Xobeh.
  1761 | D:2      | Found a faded altar of an unknown god.
  1761 | D:2      | Found an opulent altar of Gozag.
  1769 | D:2      | Found a faded altar of an unknown god.
  1771 | D:2      | Found a glowing golden altar of the Shining One.
  1772 | D:2      | Found a snail-covered altar of Cheibriados.
  1909 | D:2      | Found a shimmering blue altar of Sif Muna.
  2147 | D:2      | Found a runed door.
  2153 | D:2      | Noticed Crazy Yiuf
  2163 | D:2      | Killed Crazy Yiuf
  2414 | D:3      | Noticed Ijyb
  2512 | D:3      | Killed Ijyb
  2558 | D:3      | Reached skill level 5 in Long Blades
  2628 | D:3      | Reached XP level 6. HP: 53/53 MP: 6/6
  2868 | D:3      | Found a glowing drain.
  2918 | Sewer    | Entered a sewer
  3040 | Sewer    | Reached skill level 5 in Fighting
  3138 | Sewer    | Found a white marble altar of Elyvilon.
  3327 | D:3      | Your scales start taking on an icy white colour.
  3327 | D:3      | Reached XP level 7. HP: 45/61 MP: 7/7
  3327 | D:3      | Gained mutation: Your flesh is cold resistant. (rC+) [White
                  | Draconian growth]
  3759 | D:4      | Reached skill level 6 in Long Blades
  3839 | D:4      | Noticed Robin
  3880 | D:4      | Killed Robin
  4240 | D:4      | Learned a level 1 spell: Infusion
  4240 | D:4      | Found a corrupted altar of Lugonu.
  4446 | D:5      | Entered Level 5 of the Dungeon
  4475 | D:5      | Reached skill level 7 in Long Blades
  4491 | D:5      | Reached skill level 5 in Dodging
  4498 | D:5      | Reached XP level 8. HP: 63/70 MP: 8/8
  4789 | D:5      | Found a sacrificial altar of Ru.
  5322 | D:6      | Reached skill level 8 in Long Blades
  5696 | D:6      | Found a staircase to the Ecumenical Temple.
  6010 | Temple   | Entered the Ecumenical Temple
  6266 | Temple   | Became a worshipper of Warmaster Okawaru
  6365 | D:7      | Reached XP level 9. HP: 79/79 MP: 9/9
  6382 | D:7      | Found Niusuxol's Antique Weapon Shop.
  6433 | D:7      | Reached skill level 9 in Long Blades
  6438 | D:7      | Bought an encrusted long sword for 238 gold pieces
  6439 | D:7      | Identified the +4 long sword "Guucwuiq" {freeze, +Inv rPois
                  | rN++ Dex-3} (You bought it in a shop on level 7 of the
                  | Dungeon)
  6629 | D:7      | Found a shattered altar of Ashenzari.
  6803 | D:7      | Reached * piety under Okawaru
  6848 | D:7      | Identified the ring of Conformity {Ice Slay+2}
  7179 | D:8      | Found Vowaytirimn's Antique Armour Emporium.
  7186 | D:8      | Bought a scorched hat for 234 gold pieces
  7197 | D:8      | Identified the +0 hat of Hulao {rN+ Int+5} (You bought it
                  | in a shop on level 8 of the Dungeon)
  7261 | D:8      | Bought an embroidered scarf for 208 gold pieces
  7357 | D:8      | Reached skill level 10 in Long Blades
  7517 | D:8      | Reached ** piety under Okawaru
  7557 | D:8      | Found an ornate altar of the Wu Jian Council.
  7620 | D:8      | Found Abakezas's Food Emporium.
  7636 | D:8      | Bought a ration for 55 gold pieces
  7662 | D:8      | Noticed a troll
  7680 | D:8      | Killed a troll
  7681 | D:8      | Reached XP level 10. HP: 28/90 MP: 10/10
  7867 | D:8      | Found Miusir's Assorted Antiques.
  8004 | D:8      | Bought a scroll labeled GICIUT QOMIPY for 26 gold pieces
  8227 | D:9      | Reached *** piety under Okawaru
  8587 | D:9      | Noticed a two-headed ogre
  8627 | D:9      | Reached **** piety under Okawaru
  8630 | D:9      | Reached skill level 11 in Long Blades
  8776 | D:9      | Killed a two-headed ogre
  8777 | D:9      | Reached skill level 10 in Fighting
  8855 | D:9      | Found a staircase to the Lair.
  8861 | D:9      | Reached ***** piety under Okawaru
  8961 | D:10     | Entered Level 10 of the Dungeon
  9117 | D:10     | Noticed a brown ugly thing
  9135 | D:10     | Killed a brown ugly thing
  9144 | D:10     | Noticed a brown ugly thing
  9156 | D:10     | Killed a brown ugly thing
  9156 | D:10     | Received a gift from Okawaru
  9157 | D:10     | Reached XP level 11. HP: 35/101 MP: 11/11
  9265 | D:10     | Found a staircase to the Orcish Mines.
 10029 | D:11     | Noticed a cyclops
 10073 | D:10     | Reached skill level 12 in Long Blades
 10081 | D:10     | Reached skill level 1 in Charms
 10172 | D:11     | HP: 3/102 [cyclops (7)]
 10181 | D:11     | Killed a cyclops
 10181 | D:11     | Received a gift from Okawaru
 10256 | D:11     | Identified a +2 pair of boots of running (Okawaru gifted it
                  | to you on level 11 of the Dungeon)
 10492 | D:11     | Killed from afar by a meliai

Skill      XL: |  1  2  3  4  5  6  7  8  9 10 11 |
---------------+----------------------------------+-----
Throwing       | 2 |  2.0
Dodging        | 3 4 5 6 7 8 9 |  9.7
Fighting       | 4 5 6 7 8 10 11 | 11.0
Long Blades    | 4 5 7 8 10 11 12 | 12.2
Charms         | 2 |  2.3

Action                   |  1- 3 |  4- 6 |  7- 9 | 10-12 || total
-------------------------+-------+-------+-------+-------++-------
Melee: Long sword        |   117 |   247 |   617 |   434 ||  1415
       Tailslap          |    10 |    22 |    79 |    35 ||   146
       Unarmed           |       |     8 |       |       ||     8
Throw: Throwing net      |       |     1 |       |       ||     1
 Abil: Breathe Frost     |       |       |     2 |     6 ||     8
Evoke: Wand              |       |       |       |     8 ||     8
  Use: Scroll            |     2 |     2 |     5 |    11 ||    20
       Potion            |     1 |     1 |     3 |     5 ||    10
 Stab: Sleeping          |     3 |    13 |     3 |       ||    19
       Paralysed         |       |       |     2 |       ||     2
  Eat: Chunk             |     4 |    12 |    24 |     9 ||    49
       Ration            |       |       |     4 |     3 ||     7
Armor: Skin              |    22 |    79 |   180 |    97 ||   378
Dodge: Dodged            |    78 |   157 |   385 |   290 ||   910
Block: Other             |     3 |     5 |    21 |    33 ||    62
